 Dungeon Crawl Stone Soup version 0.21.0-24-g2553a33 (webtiles) character file.

1575061 Charly the Sensei (level 27, 195/195 HPs)
             Began as an Octopode Abyssal Knight on Jan 19, 2018.
             Was the Champion of Lugonu.
             Escaped with the Orb
             ... and 3 runes on Jan 21, 2018!
             The game lasted 05:57:36 (89514 turns).

Charly the Sensei (Octopode Abyssal Knight)        Turns: 89514, Time: 05:57:38

Health: 195/195    AC:  1    Str: 23    XL:     27
Magic:  68/68      EV: 32    Int: 19    God:    Lugonu [******]
Gold:   5007       SH:  9    Dex: 23    Spells: 14/55 levels left

rFire    + + +     SeeInvis +     - Unarmed
rCold    + . .     Gourm    .   m - +3 buckler {rF+}
rNeg     + + .     Faith    .   a - +0 hat "Uwurch" {rElec rC+ rCorr}
rPois    .         Spirit   +   u - amulet of guardian spirit
rElec    +         Reflect  .   E - ring of magical power
rCorr    +         Harm     .   C - +4 ring of strength
MR       ++++.                  O - ring "Keusaphu" {rN+ MR+ Str+3 Dex+2}
Stlth    ++++......             P - ring of magical power
HPRegen  0.42/turn              y - ring "Sumoli" {Dex+6 Stlth+}
MPRegen  0.41/turn              J - ring "Ceci Diq" {*Corrode rF++ rN+ Str+4 Dex-2 SInv}
                                R - ring of Xoos {MR+ Stlth+}
                                q - ring of magical power

@: very slightly contaminated, studying Invocations, deflect missiles
A: almost no armour, stealthy swim, amphibious, 8 rings, constrict 8, camouflage
1, weak 1, gelatinous body 1
0: Orb of Zot
}: 3/15 runes: barnacled, abyssal, gossamer
a: Depart the Abyss, Bend Space, Banish, Corrupt, Enter the Abyss, Brand Weapon
With Distortion, Renounce Religion


You escaped.
You worshipped Lugonu.
Lugonu was exalted by your worship.
You were not hungry.

You visited 9 branches of the dungeon, and saw 48 of its levels.
You visited the Abyss 3 times.
You also visited: Labyrinth, Sewer and Ice Cave.

You collected 8651 gold pieces.
You spent 3644 gold pieces at shops.

Inventory:

Hand Weapons
 w - a +9 rapier of electrocution
Missiles
 z - 8 throwing nets (quivered)
Armour
 a - the +0 hat "Uwurch" (worn) {rElec rC+ rCorr}
   (You acquired it on level 5 of the Depths)

   It protects you from cold.
   It insulates you from electricity.
   It protects you from acid and corrosion.
 m - a +3 buckler of fire resistance (worn)
 M - a +2 hat of magic resistance
Magical Staves
 b - an uncursed staff of earth
Jewellery
 c - the amulet "Wanack" {Gourm rC+}
   (You bought it in a shop on level 2 of the Orcish Mines)

   [amulet of the gourmand]

   It allows you to eat raw meat even when not hungry.
   It protects you from cold.
 f - an uncursed ring of protection from fire
 q - a ring of magical power (on tentacle)
 u - an amulet of guardian spirit (around mantle)
 y - the ring "Sumoli" (on tentacle) {Dex+6 Stlth+}
   (You found it on level 1 of the Realm of Zot)

   [ring of stealth]

   It affects your dexterity (+6).
   It makes you more stealthy.
 C - a +4 ring of strength (right tentacle)
 E - a ring of magical power (left tentacle)
 J - the ring "Ceci Diq" (on tentacle) {*Corrode rF++ rN+ Str+4 Dex-2 SInv}
   (You acquired it on level 4 of the Shoals)

   [ring of see invisible]

   It affects your strength (+4).
   It affects your dexterity (-2).
   It greatly protects you from fire.
   It protects you from negative energy.
   It lets you see invisible.
   It may corrode you when you take damage.
 O - the ring "Keusaphu" (on tentacle) {rN+ MR+ Str+3 Dex+2}
   (You acquired it on level 4 of the Vaults)

   [ring of positive energy]

   It affects your strength (+3).
   It affects your dexterity (+2).
   It protects you from negative energy.
   It affects your resistance to hostile enchantments.
 P - a ring of magical power (on tentacle)
 R - the ring of Xoos (on tentacle) {MR+ Stlth+}
   (You found it on level 1 of the Shoals)

   [ring of protection from magic]

   It affects your resistance to hostile enchantments.
   It makes you more stealthy.
Wands
 n - a wand of clouds (5)
 s - a wand of iceblast (18)
 L - a wand of acid (15)
 N - a wand of digging (62)
Scrolls
 e - 12 scrolls of teleportation
 i - 21 scrolls of identify
 l - 2 scrolls of summoning
 p - 2 scrolls of blinking
 r - a scroll of silence
 t - 29 scrolls of remove curse
 v - a scroll of fear
 B - a scroll of holy word
 Q - 8 scrolls of fog
 V - a scroll of enchant armour
 X - 4 scrolls of vulnerability
Potions
 g - 2 potions of berserk rage
 h - 3 potions of haste
 j - 3 potions of might
 k - 8 potions of ambrosia
 o - 19 potions of curing
 x - 2 potions of heal wounds
 A - 3 potions of resistance
 D - a potion of magic
 G - 8 potions of lignification
 H - 3 potions of flight
 I - 4 potions of agility
 S - a potion of brilliance
 T - 2 potions of mutation
 U - 4 potions of cancellation
Books
 F - a manual of Invocations
Comestibles
 d - 34 rations


   Skills:
 + Level 18.1 Fighting
 - Level 14.2 Short Blades
 + Level 19.7 Dodging
 - Level 17.5 Stealth
 - Level 4.1 Shields
 * Level 23.1 Unarmed Combat
 - Level 14.6 Spellcasting
 - Level 12.1 Hexes
 - Level 9.0 Charms
 - Level 10.8 Necromancy
 - Level 5.0 Translocations
 - Level 11.4 Transmutations
 - Level 9.0 Air Magic
 - Level 12.8 Earth Magic
 - Level 14.5 Invocations


You had 14 spell levels left.
You knew the following spells:

 Your Spells              Type           Power        Failure   Level  Hunger
a - Apportation           Tloc           ####..       1%          1    None
d - Lee's Rapid Deconstr  Erth           ######....   1%          5    ####...
i - Invisibility          Hex            ######..     4%          6    #####..
l - Lesser Beckoning      Tloc           ####......   1%          3    None
p - Passwall              Tmut/Erth      ######....   1%          2    None
r - Regeneration          Chrm/Necr      ######....   1%          3    None
v - Borgnjor's Vile Clut  Necr/Erth      ######....   1%          5    ####...
A - Animate Dead          Necr           N/A          1%          4    None
D - Deflect Missiles      Chrm/Air       #####.....   17%         6    #####..
S - Statue Form           Tmut/Erth      ######...    4%          6    #####..


Dungeon Overview and Level Annotations

Branches:
Dungeon (15/15)            Temple (0/1) D:5            Lair (6/6) D:10
 Shoals (4/4) Lair:2       Spider (4/4) Lair:3        Slime (0/5) Lair:5
    Orc (2/2) D:10            Elf (3/3) Orc:2        Vaults (4/5) D:13
  Crypt (0/3) Vaults:2     Depths (5/5) D:15            Zot (5/5) Depths:5

Altars:
Cheibriados
Dithmenos
Elyvilon
Gozag
Hepliaklqana
Kikubaaqudgha
Makhleb
Nemelex Xobeh
Qazlal
Ru
Sif Muna
Uskayaw
Vehumet
Xom
The Shining One
Beogh

Shops:
D:13 ?   Orc:2 ?[(=   Elf:1 !   Shoals:1 *   Shoals:2 (   Shoals:3 [(}

Portals:
Hell: Depths:1 Depths:2 Depths:3 Depths:4 Depths:5
Abyss: Depths:3 Depths:4
Pandemonium: Depths:1 Depths:3 Depths:4
Ziggurat: Depths:4
Trove: Depths:3 (give +8 demon trident)

Annotations:
D:9 1 transporter, corrupted
Lair:3 exclusion: oklob plant
Shoals:1 kickasso's ghost, adept MiFi
Shoals:4 Lovchig's ghost, adept DDFi
Vaults:4 Mara
Depths:4 corrupted
Depths:5 corrupted
Abyss:1 Fannar; Nergalle; Prince Ribbit


Innate Abilities, Weirdness & Mutations

You cannot wear most types of armour.
You are very stealthy in the water. (Stealth+)
You are amphibious.
You can wear up to eight rings at the same time.
You can use your tentacles to constrict eight enemies at once.
Your skin changes colour to match your surroundings (Stealth+).
Your rubbery body absorbs attacks. (AC +1, EV +1)
You are weak. (Str -2)


Message History

You revert to your normal fleshy form.
There is a stone staircase leading up here.
You climb upwards.
There is a stone staircase leading down here.
Things that are here:
2 tomahawks; a club You see here a tomahawk.
You see here a halberd.
You see here a club.
There is a stone staircase leading up here.
You climb upwards.
There is a stone staircase leading down here.
There is a stone staircase leading up here.
You climb upwards.
There is a stone staircase leading down here.
There is a fountain of clear blue water here.
There is an open door here.
There is an open door here.
There is a staircase leading out of the dungeon here.
You have escaped!

.#..>.###...####.####...###
.....##.......##'##.......##
..##.#.........#.#.........#
..##.#.........'.'.........#
.....#.........#.#.........#
..#..##.......##'##.......##
#....####...###..(###...###
...#.#########.....######
#.##...# #..#..@..# #.####.#
#..##...### #..#
#.####...#####.#
##.###.......).....##
##..##..............#
###...#####.........# #
###.## #.........# # #..#
#.........#### # ##.#
#............#


There were no monsters in sight!

Vanquished Creatures
  A seraph (Depths:4)
  9 ancient liches
  2 orbs of fire (Zot:5)
  A juggernaut (Depths:4)
  4 Killer Klowns
  Frederick (Depths:5)
  A shard shrike (Zot:2)
  3 curse toes
  6 caustic shrikes
  Xtahua (Depths:3)
  Nikola (Vaults:1)
  7 golden dragons
  A bone dragon (Abyss:1)
  Arachne (Abyss:1)
  Jory (Depths:4)
  5 electric golems
  Jorgrun (Shoals:3)
  15 tentacled monstrosities
  5 liches
  A Hell Sentinel (Abyss:1)
  26 Orb Guardians
  An acid blob (Zot:2)
  6 quicksilver dragons
  2 deep elf blademasters (Elf:3)
  4 tentacled starspawn
  Polyphemus (Abyss:1)
  A kraken (Shoals:2)
  3 sphinxes (Vaults:4)
  Gastronok (D:8)
  9 death cobs
  2 Executioners
  Kirke (Shoals:2)
  8 shadow dragons
  Donald (Spider:2)
  Ilsuiw (Shoals:4)
  13 storm dragons
  5 tengu reavers
  16 draconian monks
  4 fire giants
  11 draconian knights
  4 frost giants
  Aizul (Shoals:4)
  11 vault wardens
  6 ghost moths
  An iron dragon (Depths:5)
  8 draconian shifters
  9 deep elf sorcerers
  7 deep elf elementalists
  3 cacodemons
  An angel (Depths:4)
  6 draconian scorchers
  Louise (Shoals:3)
  6 emperor scorpions
  4 balrugs
  2 orc warlords
  43 very ugly things
  17 draconian stormcallers
  12 draconian annihilators
  10 ironheart preservers
  2 reapers
  19 stone giants
  10 entropy weavers
  5 vampire knights
  10 green draconians
  2 deep elf demonologists (Elf:3)
  25 black draconians
  Azrael (D:15)
  20 purple draconians
  29 white draconians
  18 yellow draconians
  15 red draconians
  8 deep elf annihilators (Elf:3)
  A blizzard demon (Depths:5)
  9 spark wasps
  A green death (D:4)
  8 ettins
  3 crystal guardians
  11 merfolk impalers
  2 deep elf death magi (Elf:3)
  A merfolk javelineer (Shoals:4)
  Josephine (Lair:4)
  Snorg (D:10)
  A deep elf high priest (Elf:3)
  11 yaktaur captains
  2 great orbs of eyes (shapeshifter) (Abyss:4)
  A minotaur (Lab)
  10 great orbs of eyes
  5 fire dragons
  2 ghost crabs (Lair:5)
  4 hydras
  12 vault guards
  11 ice dragons
  2 monstrous demonspawn
  10 rakshasas
  4 merfolk avatars
  6 centaur warriors
  3 deep troll shamans
  3 catoblepae
  16 ogre magi
  3 spriggan air magi
  2 death knights
  3 satyrs (Shoals:3)
  4 merfolk aquamancers (Shoals:4)
  8 death yaks
  23 two-headed ogres
  4 dancing weapons
  3 vampire magi
  Urug (D:12)
  7 tengu warriors
  24 thrashing horrors
  4 spriggan berserkers
  4 deep troll earth magi
  3 orc high priests (Orc:2)
  7 deep elf knights
  4 soul eaters
  Sonja (Lair:4)
  A storm dragon zombie (Vaults:3)
  A titan skeleton (Abyss:3)
  9 sun demons
  3 sixfirhies
  8 skeletal warriors
  A shadow wraith (Vaults:3)
  8 wretched stars
  3 iron trolls
  9 sea snakes
  7 spatial maelstroms
  4 fire crabs (Lair:5)
  11 unseen horrors
  17 deep trolls
  A shadow demon (Abyss:3)
  4 glowing orange brains
  2 obsidian statues
  2 flayed ghosts
  A deep troll (shapeshifter) (Vaults:1)
  2 quicksilver dragon simulacra (Depths:5)
  8 wizards
  10 deep elf archers
  7 necromancers
  8 harpies
  29 deep elf magi
  A phantasmal warrior (Vaults:3)
  7 ironbrand convokers
  12 orb spiders
  2 oklob plants (Shoals:4)
  15 orc knights
  3 worldbinders (Abyss:3)
  10 orc sorcerers
  A salamander (shapeshifter) (Vaults:4)
  17 large abominations
  47 wolf spiders
  6 cyclopes
  37 ugly things
  19 fauns
  A frost giant zombie (Abyss:3)
  10 merfolk sirens
  13 manticores
  10 elephants (Lair:6)
  25 moths of wrath
  8 black mambas
  2 apocalypse crabs
  5 ice statues
  18 vault sentinels
  3 guardian serpents (shapeshifter)
  6 spiny frogs
  2 guardian serpents
  3 orange demons
  Psyche (D:11)
  2 torpor snails (Spider:1)
  8 rust devils (Depths:5)
  9 smoke demons
  2 gargoyles
  A hellion (Depths:5)
  A rime drake (shapeshifter) (Vaults:3)
  A rime drake (Lair:2)
  3 komodo dragons
  4 kobold demonologists (D:14)
  11 ancient zymes
  11 ice devils
  5 freezing wraiths
  4 efreet
  49 yaktaurs
  A hellwing (Abyss:3)
  5 red devils
  14 demonic crawlers
  7 trolls
  4 tengu conjurers
  A tengu simulacrum (Vaults:3)
  A polar bear (Lair:6)
  2 tyrant leeches (shapeshifter)
  2 silent spectres
  17 hornets
  31 jumping spiders
  Grinder (D:3)
  22 merfolk
  A wind drake (Shoals:3)
  A troll (shapeshifter) (Depths:5)
  A meliai (shapeshifter) (Abyss:3)
  4 blink frogs (Lair:1)
  A hippogriff (shapeshifter) (Abyss:4)
  An iron dragon simulacrum (Abyss:2)
  24 raiju
  8 dream sheep
  A dream sheep (shapeshifter) (Abyss:1)
  9 hippogriffs
  10 slime creatures
  A flying skull (Abyss:2)
  9 snapping turtles
  4 spriggans
  A shock serpent simulacrum (Abyss:3)
  7 shadows
  41 tarantellas
  7 air elementals
  86 redbacks
  3 hogs (Shoals:2)
  21 humans
  34 yaks
  A vampire (Abyss:3)
  10 water elementals
  16 wyverns
  8 ynoxinuls
  16 wraiths
  A fire bat (Abyss:3)
  A chaos spawn (Depths:1)
  4 golden eyes (Abyss:1)
  2 yaks (shapeshifter)
  2 basilisks
  5 fire elementals
  2 hungry ghosts
  A golden eye (shapeshifter) (Depths:5)
  2 vampire mosquitoes
  A swamp worm (shapeshifter) (Depths:3)
  4 neqoxecs
  4 insubstantial wisps
  3 spatial vortices (Abyss:3)
  10 wargs
  A soldier ant (shapeshifter) (Depths:1)
  3 acid dragons
  14 small abominations
  9 hell hounds
  16 water moccasins
  6 porcupines
  5 sky beasts
  A floating eye (Depths:2)
  A black bear (D:11)
  41 orc warriors
  A swamp drake (shapeshifter) (Vaults:1)
  13 starcursed masses
  An eye of draining (D:9)
  4 ice beasts
  A phantom (D:4)
  5 ettin simulacra (Depths:5)
  An eye of draining (shapeshifter) (Depths:5)
  A hornet zombie (D:14)
  23 ogres
  13 wolves
  8 crocodiles
  12 centaurs
  A crocodile (shapeshifter) (Depths:3)
  A big kobold (shapeshifter) (Depths:1)
  7 big kobolds
  13 bullfrogs
  A deep troll simulacrum (Vaults:3)
  An earth elemental (Abyss:3)
  A glowing shapeshifter simulacrum (Vaults:3)
  A water moccasin zombie (D:9)
  A scorpion (D:7)
  2 human simulacra (Vaults:3)
  7 killer bees
  5 electric eels
  12 wights
  6 howler monkeys
  8 crimson imps
  3 bullfrog zombies
  4 centaur zombies
  2 draconian simulacra (IceCv)
  7 quasits
  2 hounds
  2 jellies
  22 orc priests
  Crazy Yiuf (D:7)
  26 orc wizards
  A bullfrog skeleton (D:12)
  7 iron imps
  Jessica (D:2)
  3 centaur skeletons
  Ijyb (D:4)
  3 iguanas
  8 worker ants
  4 troll simulacra (IceCv)
  A killer bee zombie (D:6)
  A centaur simulacrum (IceCv)
  A hound skeleton (D:10)
  7 gnolls
  18 adders
  3 naga simulacra (IceCv)
  5 shadow imps
  17 white imps
  3 ufetubi
  2 oozes
  3 worms
  8 leopard geckos
  79 orcs
  2 ball pythons
  18 bats
  12 giant cockroaches
  8 hobgoblins
  11 jackals
  26 kobolds
  5 quokkas
  4 frilled lizards
  6 goblins
  7 rats
  2 fungi
  A lurking horror (Abyss:4)
  2 plants
  3 starspawn tentacles (Abyss:1)
2371 creatures vanquished.

Vanquished Creatures (collateral kills)
  A hydra (Lair:6)
  A two-headed ogre (D:12)
  A deep troll earth mage (Vaults:1)
  2 deep trolls (Vaults:1)
  2 black mambas (Lair:6)
  A water moccasin (Lair:3)
  A necrophage (D:12)
  A wolf (Lair:6)
  2 crocodiles
  A bullfrog (Lair:1)
  2 wights (D:12)
  An orc priest (D:12)
  3 orcs (D:12)
19 creatures vanquished.

Vanquished Creatures (others)
  3 caustic shrikes (Depths:5)
  A golden dragon (Depths:4)
  A tentacled monstrosity (Depths:4)
  The ghost of sankara the Severer, an adept DDFi of Makhleb (Spider:2)
  A frost giant (Depths:1)
  2 vault wardens
  2 very ugly things (Depths:4)
  A vampire knight (Depths:4)
  A deep elf annihilator (Vaults:4)
  A red draconian (Zot:2)
  5 ice dragons (Depths:4)
  2 great orbs of eyes
  The ghost of Phong the Arsonist, a journeyman OpFE of Ru (Lair:3)
  2 spriggan air magi (Depths:5)
  6 hydras
  A centaur warrior (D:9)
  An alligator snapping turtle (Shoals:1)
  A tengu warrior (Depths:4)
  4 two-headed ogres
  An orc high priest (Orc:1)
  The ghost of soepske the Magician, a novice GnVM of Sif Muna (D:9)
  An unseen horror (D:11)
  3 deep trolls
  A flayed ghost (Depths:4)
  2 phantasmal warriors (Depths:4)
  A manticore (D:13)
  A deep elf mage (Elf:1)
  2 moths of wrath (Zot:5)
  A vault sentinel (Vaults:3)
  A tengu conjurer (Depths:4)
  5 yaktaurs
  2 red devils (D:13)
  A hornet (D:9)
  2 merfolk
  A snapping turtle (Shoals:3)
  2 hippogriffs
  A spriggan (Depths:5)
  2 air elementals (Depths:5)
  A yak (Lair:1)
  The ghost of TotoDurand the Covered, an amateur DDFi (D:4)
  A chaos spawn (Abyss:3)
  An acid dragon (D:8)
  A black bear (D:7)
  An ice beast (D:6)
  A phantom (D:6)
  2 ogres
  A large abomination (Abyss:2)
  3 boggarts (Depths:4)
  4 small abominations (Abyss:3)
  2 wights
  A bullfrog zombie (D:12)
  A quasit (Abyss:3)
  An orc priest (D:15)
  A jelly (D:12)
  An orc (D:15)
  A quokka (D:4)
  A kobold zombie (Abyss:3)
  A crawling corpse (Elf:3)
  31 fungi (Lair:6)
  2 lurking horrors
  38 plants
  2 spectral weapons (Vaults:4)
  16 starspawn tentacles
184 creatures vanquished.

Grand Total: 2574 creatures vanquished

Notes
Turn   | Place    | Note
-------+----------+-------------------------------------------
     0 | Abyss:1  | Charly the Octopode Abyssal Knight began the quest for the Orb.
     0 | Abyss:1  | Reached XP level 1. HP: 16/16 MP: 2/2
     0 | D:1      | Escaped the Abyss
   152 | D:1      | Reached skill level 1 in Stealth
   225 | D:1      | Reached XP level 2. HP: 18/21 MP: 3/3
   375 | D:1      | Reached * piety under Lugonu
   714 | D:2      | Noticed Jessica
   809 | D:2      | Found a stormy altar of Qazlal.
   997 | D:2      | Reached XP level 3. HP: 19/26 MP: 4/4
  1164 | D:2      | Killed Jessica
  1336 | D:2      | Reached XP level 4. HP: 28/31 MP: 5/5
  1939 | D:3      | Reached ** piety under Lugonu
  2052 | D:3      | Noticed Grinder
  2082 | D:3      | Reached XP level 5. HP: 36/36 MP: 6/6
  2093 | D:3      | Found a glowing drain.
  2121 | Sewer    | Entered a sewer
  2146 | Sewer    | Noticed a big kobold
  2174 | Sewer    | Gained mutation: Your spells are a little harder to cast, but a little more powerful. [potion of mutation]
  2174 | Sewer    | Gained mutation: You evolve. [potion of mutation]
  2174 | Sewer    | Gained mutation: Your magical capacity is low. (-10% MP) [potion of mutation]
  2174 | Sewer    | Gained mutation: You possess an exceptional clarity of mind. [potion of mutation]
  2175 | Sewer    | Killed a big kobold
  2175 | Sewer    | Reached skill level 5 in Stealth
  2420 | Sewer    | Noticed a big kobold
  2421 | Sewer    | Noticed a big kobold
  2461 | Sewer    | Killed a big kobold
  2461 | Sewer    | Reached XP level 6. HP: 42/42 MP: 6/6
  2542 | Sewer    | Reached skill level 5 in Short Blades
  3608 | D:3      | Reached *** piety under Lugonu
  3834 | D:3      | Reached XP level 7. HP: 42/46 MP: 6/8
  3859 | D:3      | Lost mutation: You evolve. [end of evolution]
  3960 | D:3      | Found an opulent altar of Gozag.
  4059 | D:4      | Found a white marble altar of Elyvilon.
  4068 | D:4      | Noticed Duvessa
  4102 | D:4      | Noticed TotoDurand's ghost (amateur DDFi)
  4509 | D:4      | Reached skill level 5 in Invocations
  4608 | D:4      | Noticed Ijyb
  4616 | D:4      | Killed Ijyb
  4705 | D:5      | Entered Level 5 of the Dungeon
  5014 | D:5      | Reached XP level 8. HP: 52/52 MP: 11/11
  5210 | D:5      | Noticed Prince Ribbit
  5224 | D:5      | Banished Prince Ribbit
  5388 | D:5      | Found a deep blue altar of Sif Muna.
  5518 | D:5      | Found a staircase to the Ecumenical Temple.
  7076 | D:7      | Found Urchef's Distillery.
  7334 | D:7      | Bought a potion of invisibility for 104 gold pieces
  7334 | D:7      | Bought a potion of lignification for 39 gold pieces
  7334 | D:7      | Bought a potion of cancellation for 104 gold pieces
  7334 | D:7      | Bought a potion of agility for 52 gold pieces
  7334 | D:7      | Bought a potion of heal wounds for 65 gold pieces
  7361 | D:7      | Reached XP level 9. HP: 52/57 MP: 14/14
  7722 | D:7      | Found a glowing golden altar of the Shining One.
  8039 | D:7      | Found a runed door.
  8410 | D:7      | Found a sparkling altar of Nemelex Xobeh.
  8411 | D:7      | Found an ancient bone altar of Kikubaaqudgha.
  8757 | D:8      | Noticed a two-headed ogre
  8771 | D:8      | Banished a two-headed ogre
  9027 | D:8      | Got a polished dagger {protect}
  9028 | D:8      | Identified the +6 dagger of Defiance {protect, rF+} (You took it off a wight on level 8 of the Dungeon)
  9297 | D:8      | Noticed Gastronok
  9481 | D:8      | Reached skill level 10 in Stealth
  9513 | D:8      | Noticed a two-headed ogre
  9513 | D:8      | Banished a two-headed ogre
  9513 | D:8      | Reached skill level 5 in Fighting
  9513 | D:8      | Reached XP level 10. HP: 58/66 MP: 13/15
  9624 | D:4      | Banished TotoDurand's ghost
  9666 | D:4      | Noticed Dowan
  9700 | D:4      | Noticed Dowan
  9700 | D:4      | Dowan changed into Dowan the ooze
  9705 | D:4      | Killed Dowan the ooze
 10342 | D:4      | Noticed Duvessa
 10342 | D:4      | Duvessa changed into Duvessa the ice beast
 10373 | D:4      | Killed Duvessa the ice beast
 10750 | D:9      | Noticed a two-headed ogre
 10758 | D:9      | Banished a two-headed ogre
 10758 | D:9      | Reached skill level 5 in Dodging
 11088 | D:9      | Found a hide-covered altar of Uskayaw.
 11115 | D:9      | Noticed soepske's ghost (novice GnVM)
 11116 | D:9      | Banished soepske's ghost
 11470 | D:9      | Found a sparkling altar of Nemelex Xobeh.
 11470 | D:9      | Found a transporter.
 11471 | D:9      | Noticed a centaur warrior
 11796 | D:9      | Got an encrusted rapier
 11797 | D:9      | Identified the cursed +2 rapier "Kogaof" {pierce, -Tele +Fly Int+3 Dex+4} (You found it on level 9 of the Dungeon)
 12269 | D:10     | Entered Level 10 of the Dungeon
 12273 | D:10     | Noticed a two-headed ogre
 12324 | D:10     | Learned a level 1 spell: Animate Skeleton
 12330 | D:10     | Learned a level 5 spell: Borgnjor's Vile Clutch
 12386 | D:10     | Banished a two-headed ogre
 12386 | D:10     | Reached skill level 1 in Spellcasting
 12458 | D:10     | Found a staircase to the Lair.
 12551 | D:10     | Noticed Snorg
 12636 | Lair:1   | Entered Level 1 of the Lair of Beasts
 12657 | Lair:1   | Noticed a spiny frog
 12664 | Lair:1   | Reached XP level 11. HP: 71/72 MP: 16/16
 12952 | Lair:1   | Noticed Nergalle
 12952 | Lair:1   | Banished Nergalle
 12952 | Lair:1   | Reached skill level 1 in Earth Magic
 12971 | Lair:1   | Reached skill level 5 in Necromancy
 13044 | Lair:1   | Noticed a six-headed hydra
 13045 | Lair:1   | Banished a six-headed hydra
 13852 | Lair:2   | Noticed an eight-headed hydra
 14240 | Lair:2   | Found a staircase to the Shoals.
 14354 | Lair:2   | Reached skill level 1 in Shields
 14557 | Lair:3   | Noticed an oklob plant
 14659 | Lair:3   | Found a hole to the Spider Nest.
 14692 | Lair:3   | Noticed a four-headed hydra
 14910 | Lair:3   | Learned a level 3 spell: Regeneration
 14915 | Lair:3   | Learned a level 4 spell: Animate Dead
 15156 | Lair:3   | Noticed Phong's ghost (journeyman OpFE)
 15171 | Lair:3   | Banished Phong's ghost
 15538 | Lair:4   | Found a labyrinth entrance.
 15550 | Lab      | Entered a labyrinth
 15635 | Lab      | Noticed a minotaur
 15655 | Lab      | Killed a minotaur
 15655 | Lab      | Reached skill level 5 in Earth Magic
 15674 | Lab      | Got a transparent morningstar
 15707 | Lair:4   | Identified the +11 morningstar of the Known World {venom, rPois MR+ Dex+6 Stlth-} (You found it in a labyrinth)
 15741 | Lair:4   | Learned a level 3 spell: Confuse
 16197 | Lair:4   | Reached skill level 1 in Hexes
 16324 | Lair:4   | Noticed a death yak
 16636 | D:11     | Reached XP level 12. HP: 59/79 MP: 16/16
 16731 | D:11     | Noticed Psyche
 16746 | D:11     | Killed Psyche
 17046 | D:11     | Learned a level 1 spell: Corona
 17489 | D:12     | Learned a level 3 spell: Dazzling Spray
 17492 | D:12     | Noticed a two-headed ogre
 17493 | D:12     | Found a shadowy altar of Dithmenos.
 17595 | D:12     | Noticed Fannar
 17705 | D:12     | Killed a two-headed ogre
 17773 | D:12     | Banished Fannar
 18122 | D:10     | Reached skill level 5 in Hexes
 18135 | D:10     | Found a staircase to the Orcish Mines.
 18170 | D:10     | Found a roughly hewn altar of Beogh.
 18316 | D:10     | Reached skill level 5 in Spellcasting
 18786 | Lair:2   | Banished an eight-headed hydra
 19192 | Lair:3   | Banished a four-headed hydra
 19251 | Lair:3   | Learned a level 1 spell: Apportation
 19745 | Lair:5   | Found a runed door.
 20053 | Lair:5   | Reached **** piety under Lugonu
 20147 | Lair:5   | Reached XP level 13. HP: 81/83 MP: 17/19
 20478 | Lair:5   | Found a staircase to the Slime Pits.
 20786 | D:8      | Killed Gastronok
 21340 | D:3      | Killed Grinder
 21525 | D:7      | Noticed Crazy Yiuf
 21533 | D:7      | Killed Crazy Yiuf
 21721 | D:7      | Bought a potion of mutation for 104 gold pieces
 21721 | D:7      | Bought a potion of curing for 39 gold pieces
 21721 | D:7      | Bought a potion of might for 52 gold pieces
 21721 | D:7      | Bought 2 potions of brilliance for 104 gold pieces
 21721 | D:7      | Bought a potion of brilliance for 52 gold pieces
 21721 | D:7      | Bought a potion of curing for 39 gold pieces
 21721 | D:7      | Bought a potion of curing for 39 gold pieces
 21721 | D:7      | Bought a potion of curing for 39 gold pieces
 21848 | D:9      | Learned a level 6 spell: Invisibility
 22303 | D:12     | Noticed Urug
 22470 | D:12     | Killed Urug
 23102 | D:13     | Found Qucof's Magic Scroll Shoppe.
 23108 | D:13     | Bought 2 scrolls of fear for 126 gold pieces
 23108 | D:13     | Bought a scroll of teleportation for 54 gold pieces
 23824 | D:14     | Reached skill level 10 in Necromancy
 24143 | D:14     | Reached XP level 14. HP: 90/90 MP: 2/22
 24151 | D:14     | Got a warped great sword
 24209 | D:14     | Identified the +8 great sword of Ymuruask {speed, rElec} (You found it on level 14 of the Dungeon)
 24636 | D:14     | Got a smoking flail {freeze}
 24664 | D:14     | Identified the +3 flail of the Known World {freeze, *Noise rPois Dex+6} (You took it off an orc warrior on level 14 of the Dungeon)
 25328 | Lair:6   | Entered Level 6 of the Lair of Beasts
 25550 | Lair:6   | Reached ***** piety under Lugonu
 27606 | Lair:6   | Reached skill level 10 in Hexes
 27612 | Lair:6   | Reached XP level 15. HP: 90/96 MP: 16/24
 28329 | Orc:1    | Entered Level 1 of the Orcish Mines
 28592 | D:15     | Entered Level 15 of the Dungeon
 29661 | D:15     | Lost mutation: Your spells are a little harder to cast, but a little more powerful. [mutagenic glow]
 29686 | D:15     | Gained mutation: You are frail. (-10% HP) [mutagenic glow]
 29687 | D:15     | Lost mutation: Your magical capacity is low. (-10% MP) [potion of mutation]
 29687 | D:15     | Lost mutation: You are frail. (-10% HP) [potion of mutation]
 29687 | D:15     | Lost mutation: You possess an exceptional clarity of mind. [potion of mutation]
 29687 | D:15     | Gained mutation: Your spells are a little easier to cast, but a little less powerful. [potion of mutation]
 29687 | D:15     | Gained mutation: You are agile. (Dex +2) [potion of mutation]
 29867 | D:15     | Noticed Azrael
 29881 | D:15     | Killed Azrael
 31531 | D:15     | Found a staircase to the Depths.
 31775 | D:13     | Identified the Reference Book on Ashen Enhancements
 32030 | D:13     | Found a gate to the Vaults.
 32040 | D:13     | Reached ****** piety under Lugonu
 32638 | Orc:1    | Got a steaming great sword {drain}
 32655 | Orc:1    | Identified the +12 great sword "Fuverph" {drain, Str+3} (You took it off an orc on level 1 of the Orcish Mines)
 33195 | Orc:1    | Noticed an orc warlord
 33204 | Orc:1    | Paralysed by an orc sorcerer for 2 turns
 33575 | Orc:1    | Noticed an orc warlord
 33604 | D:10     | Killed an orc warlord
 33743 | Orc:1    | Killed an orc warlord
 33889 | Orc:1    | Reached XP level 16. HP: 104/104 MP: 5/29
 34298 | Orc:2    | Entered Level 2 of the Orcish Mines
 34330 | Orc:2    | Found a frozen archway.
 34370 | IceCv    | Entered an ice cave
 35641 | Orc:2    | Found a staircase to the Elven Halls.
 36619 | Orc:2    | Found Ceraf's Jewellery Shoppe.
 36624 | Orc:2    | Found Amasee's Antique Weapon Boutique.
 36631 | Orc:2    | Found Buokorop's Antique Armour Boutique.
 36633 | Orc:2    | Found Jyaxzac's Magic Scroll Shoppe.
 36680 | Orc:2    | Bought a smoking rapier for 180 gold pieces
 36684 | Orc:2    | Identified the cursed +3 rapier "Leceel" {pierce, Dex+4} (You bought it in a shop on level 2 of the Orcish Mines)
 36690 | Orc:2    | Bought an uncursed ring of protection from magic for 375 gold pieces
 36690 | Orc:2    | Bought an uncursed ring of magical power for 300 gold pieces
 36690 | Orc:2    | Bought the amulet "Wanack" {Gourm rC+} for 660 gold pieces
 36711 | Orc:2    | Bought a scroll of teleportation for 42 gold pieces
 36711 | Orc:2    | Bought a scroll of enchant weapon for 105 gold pieces
 36711 | Orc:2    | Bought a scroll of blinking for 105 gold pieces
 36719 | Orc:2    | Learned a level 6 spell: Deflect Missiles
 36808 | D:10     | Killed Snorg
 36891 | Spider:1 | Entered Level 1 of the Spider Nest
 39014 | Spider:1 | Reached skill level 15 in Stealth
 39672 | Spider:2 | Reached skill level 10 in Short Blades
 39844 | Spider:2 | Noticed Arachne
 39849 | Spider:2 | Noticed Donald
 39971 | Shoals:1 | Entered Level 1 of the Shoals
 39971 | Shoals:1 | Found Cupari's Assorted Antiques.
 39979 | Shoals:1 | Bought a potion of heal wounds for 110 gold pieces
 40718 | Shoals:1 | Noticed kickasso's ghost (adept MiFi)
 40850 | Shoals:1 | Reached XP level 17. HP: 113/113 MP: 30/30
 40868 | Shoals:1 | Got a smoking lapis lazuli ring
 40869 | Shoals:1 | Identified the ring of Xoos {MR+ Stlth+} (You found it on level 1 of the Shoals)
 41171 | Shoals:2 | Noticed a kraken
 41201 | Shoals:2 | Killed a kraken
 41201 | Shoals:2 | Reached skill level 10 in Dodging
 41674 | Shoals:2 | Found Xaz Avaff's Weapon Shoppe.
 41838 | Shoals:2 | Noticed Polyphemus
 42030 | Shoals:2 | Noticed Kirke
 42048 | Shoals:2 | Killed Kirke
 42048 | Shoals:2 | Reached skill level 10 in Fighting
 42465 | Shoals:2 | Noticed a kraken
 42824 | Shoals:3 | Found Kogaeluxu's Antique Armour Shoppe.
 42846 | Shoals:2 | Banished Polyphemus
 42996 | Shoals:3 | Found Avemiuw's Weapon Shop.
 43185 | Shoals:3 | Noticed Louise
 43308 | Shoals:3 | Killed Louise
 43543 | Shoals:3 | Noticed Jorgrun
 43677 | Shoals:3 | Killed Jorgrun
 43678 | Shoals:3 | Found Figejen's Gadget Boutique.
 45775 | Spider:2 | Noticed sankara's ghost (adept DDFi)
 45800 | Spider:2 | Banished sankara's ghost
 45849 | Spider:2 | Killed Donald
 45849 | Spider:2 | Reached XP level 18. HP: 121/122 MP: 31/31
 47510 | Spider:3 | Learned a level 3 spell: Spectral Weapon
 47512 | Spider:3 | Learned a level 1 spell: Summon Butterflies
 47533 | Spider:4 | Entered Level 4 of the Spider Nest
 50180 | Shoals:4 | Entered Level 4 of the Shoals
 50763 | Shoals:4 | Noticed Ilsuiw
 50773 | Shoals:4 | Killed Ilsuiw
 51364 | Shoals:4 | Noticed Aizul
 51385 | Shoals:4 | Killed Aizul
 51807 | Shoals:4 | Got a barnacled rune of Zot
 51869 | Shoals:4 | Identified a scroll of acquirement
 51930 | Shoals:4 | Got a scintillating lead ring
 51932 | Shoals:4 | Identified the ring "Ceci Diq" {*Corrode rF++ rN+ Str+4 Dex-2 SInv} (You acquired it on level 4 of the Shoals)
 52079 | Shoals:4 | Reached XP level 19. HP: 127/127 MP: 32/32
 52147 | Shoals:4 | Noticed Lovchig's ghost (adept DDFi)
 52435 | Orc:2    | Bought a scroll of enchant weapon for 105 gold pieces
 52435 | Orc:2    | Bought a scroll of enchant weapon for 105 gold pieces
 52437 | Orc:2    | Bought a scroll of fog for 28 gold pieces
 52437 | Orc:2    | Bought a scroll of summoning for 133 gold pieces
 52572 | D:9      | Corrupted D:9
 52572 | D:9      | Noticed a bone dragon
 52840 | Lair:4   | Noticed Josephine
 52851 | Lair:4   | Killed Josephine
 52931 | Lair:4   | Noticed Sonja
 53098 | Lair:4   | Killed Sonja
 53717 | Shoals:1 | Bought a potion of agility for 88 gold pieces
 53717 | Shoals:1 | Bought a scroll of fog for 44 gold pieces
 53829 | Spider:2 | Banished Arachne
 54083 | Spider:4 | Reached skill level 10 in Invocations
 55390 | Spider:4 | Got a gossamer rune of Zot
 55750 | Vaults:1 | Entered Level 1 of the Vaults
 55917 | Vaults:1 | Noticed Nikola
 55954 | Vaults:1 | Killed Nikola
 55956 | Vaults:1 | Got a pair of ichor-stained gloves
 57201 | Vaults:1 | Reached XP level 20. HP: 122/134 MP: 33/33
 57694 | Vaults:2 | Reached skill level 1 in Charms
 57694 | Vaults:2 | Reached skill level 1 in Air Magic
 58062 | Vaults:2 | Found a staircase to the Crypt.
 60352 | Vaults:3 | Reached skill level 5 in Air Magic
 60360 | Vaults:3 | Reached skill level 5 in Charms
 61436 | Vaults:4 | Reached skill level 10 in Spellcasting
 61906 | Vaults:4 | Reached XP level 21. HP: 90/139 MP: 30/35
 62380 | Vaults:4 | Noticed Mara
 62385 | Vaults:4 | Noticed Charly's illusion
 62715 | Vaults:4 | Gained mutation: You are frail. (-10% HP) [mutagenic glow]
 62716 | Vaults:4 | Lost mutation: You are frail. (-10% HP) [potion of mutation]
 62716 | Vaults:4 | Lost mutation: You are agile. (Dex +2) [potion of mutation]
 62716 | Vaults:4 | Lost mutation: Your spells are a little easier to cast, but a little less powerful. [potion of mutation]
 62716 | Vaults:4 | Gained mutation: You are partially covered in iridescent scales. (AC +2) [potion of mutation]
 62716 | Vaults:4 | Gained mutation: You are dopey. (Int -2) [potion of mutation]
 62716 | Vaults:4 | Gained mutation: You have an increased reservoir of magic. (+10% MP) [potion of mutation]
 62716 | Vaults:4 | Gained mutation: You are agile. (Dex +2) [potion of mutation]
 64088 | Vaults:4 | Got a scorched golden ring
 64090 | Vaults:4 | Identified the ring "Keusaphu" {rN+ MR+ Str+3 Dex+2} (You acquired it on level 4 of the Vaults)
 64095 | Vaults:4 | Learned a level 2 spell: Passwall
 64099 | Vaults:4 | Learned a level 3 spell: Ozocubu's Armour
 64666 | Depths:1 | Entered Level 1 of the Depths
 65070 | Depths:1 | Found a gateway to Hell.
 65267 | Depths:1 | Found a one-way gate leading to the halls of Pandemonium.
 65410 | Depths:1 | Found a snail-covered altar of Cheibriados.
 65449 | Depths:1 | Found a hazy altar of Hepliaklqana.
 65451 | Depths:1 | Found a white marble altar of Elyvilon.
 65451 | Depths:1 | Found a shadowy altar of Dithmenos.
 65453 | Depths:1 | Found a shimmering altar of Xom.
 65453 | Depths:1 | Found an ancient bone altar of Kikubaaqudgha.
 65453 | Depths:1 | Found a shimmering altar of Xom.
 66546 | Depths:1 | Learned a level 5 spell: Lee's Rapid Deconstruction
 66550 | Depths:1 | Learned a level 3 spell: Lesser Beckoning
 67800 | Depths:2 | Reached XP level 22. HP: 117/146 MP: 43/43
 68484 | Depths:2 | Found a deep blue altar of Sif Muna.
 68514 | Depths:2 | Noticed an ancient lich
 68525 | Depths:2 | Killed an ancient lich
 68709 | Depths:2 | Identified Lehudib's Grimoire of the Mountains
 68730 | Depths:2 | Identified the Reference Book on Helpful Transformation
 68748 | Depths:2 | Noticed an ancient lich
 68768 | Depths:2 | Killed an ancient lich
 68768 | Depths:2 | Reached skill level 10 in Earth Magic
 68949 | Depths:2 | Learned a level 6 spell: Statue Form
 68999 | Depths:2 | Identified the +8 shortbow of Oozing Pus {freeze, Str+3} (You found it on level 2 of the Depths)
 69037 | Depths:2 | Identified the Volume of Summoning
 69052 | Depths:2 | Identified the Collected Works on Blistering Conjuration
 69255 | Depths:2 | Paralysed by a floating eye for 3 turns
 69559 | Depths:3 | Reached skill level 5 in Transmutations
 70046 | Depths:3 | Noticed Xtahua
 70076 | Depths:3 | Killed Xtahua
 70513 | Depths:3 | Found a portal to a secret trove of treasure.
 70595 | Depths:3 | Found a one-way gate to the infinite horrors of the Abyss.
 70788 | Depths:4 | Noticed Jory
 70788 | Depths:4 | Noticed a golden dragon
 70803 | Depths:4 | Killed Jory
 70807 | Depths:4 | Corrupted Depths:4
 70810 | Depths:4 | Killed a golden dragon
 71070 | Depths:4 | Reached XP level 23. HP: 153/153 MP: 44/44
 71357 | Depths:4 | Found a gateway to a ziggurat.
 71564 | Depths:4 | Reached XP level 24. HP: 160/160 MP: 44/44
 71829 | Depths:4 | Reached skill level 10 in Transmutations
 71868 | Depths:4 | Noticed a juggernaut
 71969 | Depths:4 | Killed a juggernaut
 72012 | Depths:4 | Reached skill level 15 in Dodging
 72272 | Depths:4 | Noticed a caustic shrike
 72275 | Depths:4 | Noticed a caustic shrike
 72288 | Depths:4 | Killed a caustic shrike
 72293 | Depths:4 | Killed a caustic shrike
 72505 | Depths:5 | Entered Level 5 of the Depths
 72738 | Depths:5 | Found a burning altar of Makhleb.
 72887 | Depths:5 | Noticed a caustic shrike
 72887 | Depths:5 | Noticed a caustic shrike
 72887 | Depths:5 | Noticed a caustic shrike
 72889 | Depths:5 | Noticed a caustic shrike
 72891 | Depths:5 | Noticed a caustic shrike
 73121 | Abyss:1  | Reached skill level 1 in Unarmed Combat
 73237 | Abyss:1  | Reached skill level 2 in Unarmed Combat
 73276 | Abyss:1  | Killed Arachne
 73276 | Abyss:1  | Reached skill level 3 in Unarmed Combat
 73380 | Abyss:1  | Found a shattered altar of Ashenzari.
 73397 | Abyss:1  | Gained mutation: You are weak. (Str -2) [a cacodemon]
 73426 | Abyss:1  | Killed Polyphemus
 73426 | Abyss:1  | Reached skill level 4 in Unarmed Combat
 73465 | Abyss:1  | Found a shimmering altar of Xom.
 73503 | Abyss:1  | Reached skill level 5 in Unarmed Combat
 73692 | Abyss:1  | Lost mutation: You are weak. (Str -2) [potion of mutation]
 73692 | Abyss:1  | Lost mutation: You have an increased reservoir of magic. (+10% MP) [potion of mutation]
 73692 | Abyss:1  | Lost mutation: You are dopey. (Int -2) [potion of mutation]
 73692 | Abyss:1  | Lost mutation: You are agile. (Dex +2) [potion of mutation]
 73692 | Abyss:1  | Gained mutation: You possess an exceptional clarity of mind. [potion of mutation]
 73692 | Abyss:1  | Gained mutation: Your muscles are strong. (Str +2) [potion of mutation]
 73710 | Abyss:1  | Reached skill level 6 in Unarmed Combat
 73764 | Abyss:2  | Found a corrupted altar of Lugonu.
 74022 | Abyss:2  | Reached skill level 7 in Unarmed Combat
 74179 | Abyss:3  | Reached skill level 8 in Unarmed Combat
 74509 | Abyss:3  | Reached skill level 9 in Unarmed Combat
 74620 | Abyss:3  | Reached XP level 25. HP: 119/169 MP: 40/40
 74715 | Abyss:3  | Reached skill level 10 in Unarmed Combat
 75026 | Abyss:3  | Reached skill level 11 in Unarmed Combat
 75241 | Abyss:3  | Reached skill level 12 in Unarmed Combat
 75421 | Abyss:4  | Reached skill level 13 in Unarmed Combat
 75432 | Abyss:4  | Got an abyssal rune of Zot
 75544 | Depths:5 | Escaped the Abyss
 75545 | Depths:5 | Corrupted Depths:5
 75562 | Depths:5 | Found a hazy altar of Hepliaklqana.
 75809 | Depths:5 | Reached skill level 14 in Unarmed Combat
 76148 | Depths:5 | Found a shimmering altar of Xom.
 76190 | Depths:5 | Reached skill level 15 in Unarmed Combat
 77073 | Depths:5 | Reached XP level 26. HP: 175/175 MP: 40/40
 77084 | Depths:5 | Reached skill level 16 in Unarmed Combat
 77096 | Depths:5 | Found a sacrificial altar of Ru.
 77466 | Depths:5 | Found a gate to the Realm of Zot.
 77501 | Depths:5 | Noticed Frederick
 77903 | Depths:5 | Killed Frederick
 77963 | Depths:5 | Got a polished hat
 77974 | Depths:5 | Identified the +0 hat "Uwurch" {rElec rC+ rCorr} (You acquired it on level 5 of the Depths)
 78295 | Elf:1    | Entered Level 1 of the Elven Halls
 78487 | Elf:1    | Found Otip's Distillery.
 78493 | Elf:1    | Bought a potion of heal wounds for 70 gold pieces
 78493 | Elf:1    | Bought a potion of heal wounds for 70 gold pieces
 78493 | Elf:1    | Bought a potion of might for 56 gold pieces
 78493 | Elf:1    | Bought a potion of might for 56 gold pieces
 78615 | Elf:3    | Entered Level 3 of the Elven Halls
 78751 | Elf:3    | Reached skill level 1 in Translocations
 78802 | Elf:3    | Reached skill level 5 in Translocations
 79119 | Elf:3    | Got a twitching iron ring
 79120 | Elf:3    | Identified the ring "Syajaig" {*Tele MR+ Dex+2} (You found it on level 3 of the Elven Halls)
 79336 | Elf:1    | Found a radiant altar of Vehumet.
 79572 | Zot:1    | Entered Level 1 of the Realm of Zot
 79616 | Zot:1    | Got a smoking golden ring
 79622 | Zot:1    | Identified the ring "Sumoli" {Dex+6 Stlth+} (You found it on level 1 of the Realm of Zot)
 80201 | Zot:1    | Reached XP level 27. HP: 180/180 MP: 41/41
 80335 | Zot:1    | Reached skill level 17 in Unarmed Combat
 81306 | Zot:2    | Reached skill level 18 in Unarmed Combat
 82020 | Zot:2    | Reached skill level 15 in Fighting
 82573 | Zot:2    | Reached skill level 19 in Unarmed Combat
 82877 | Zot:2    | Found a glowing golden altar of the Shining One.
 82921 | Zot:2    | Identified Vobbiota's Almanac of the Zealot
 82931 | Zot:2    | Identified Vehumet's Grimoire of Fire and Brimstone
 84044 | Zot:4    | Reached skill level 20 in Unarmed Combat
 84118 | Abyss:1  | Found a corrupted altar of Lugonu.
 84393 | Zot:4    | Escaped the Abyss
 85095 | Zot:4    | Reached skill level 21 in Unarmed Combat
 85354 | Zot:5    | Entered Level 5 of the Realm of Zot
 86403 | Zot:5    | Noticed an ancient lich
 86412 | Zot:5    | Killed an ancient lich
 86451 | Zot:5    | Noticed an ancient lich
 86727 | Zot:5    | Killed an ancient lich
 86923 | Zot:5    | Noticed an ancient lich
 86923 | Zot:5    | Noticed an ancient lich
 86931 | Zot:5    | Killed an ancient lich
 87081 | Zot:5    | Noticed an ancient lich
 87087 | Zot:5    | Killed an ancient lich
 87094 | Zot:5    | Noticed an orb of fire
 87103 | Zot:5    | Gained mutation: You are occasionally teleported next to monsters. [an orb of fire]
 87106 | Zot:5    | Killed an orb of fire
 87357 | Zot:5    | Noticed an orb of fire
 87358 | Zot:5    | Gained mutation: You are clumsy. (Dex -2) [an orb of fire]
 87365 | Zot:5    | Killed an orb of fire
 87365 | Zot:5    | Reached skill level 22 in Unarmed Combat
 87500 | Zot:5    | Noticed an ancient lich
 87509 | Zot:5    | Killed an ancient lich
 87577 | Zot:5    | Killed an ancient lich
 87609 | Zot:5    | Lost mutation: You possess an exceptional clarity of mind. [potion of mutation]
 87609 | Zot:5    | Lost mutation: You are clumsy. (Dex -2) [potion of mutation]
 87609 | Zot:5    | Lost mutation: Your muscles are strong. (Str +2) [potion of mutation]
 87609 | Zot:5    | Gained mutation: Scrolls take you a little longer to read. [potion of mutation]
 87609 | Zot:5    | Gained mutation: You are partially covered in thin metallic scales. (AC +2) [potion of mutation]
 87610 | Zot:5    | Lost mutation: You are occasionally teleported next to monsters. [potion of mutation]
 87610 | Zot:5    | Lost mutation: Scrolls take you a little longer to read. [potion of mutation]
 87610 | Zot:5    | Lost mutation: You are partially covered in iridescent scales. (AC +2) [potion of mutation]
 87610 | Zot:5    | Lost mutation: You are partially covered in thin metallic scales. (AC +2) [potion of mutation]
 87610 | Zot:5    | Gained mutation: You do not regenerate when monsters are visible. [potion of mutation]
 87610 | Zot:5    | Gained mutation: Your muscles are strong. (Str +2) [potion of mutation]
 87611 | Zot:5    | Lost mutation: Your muscles are strong. (Str +2) [potion of mutation]
 87611 | Zot:5    | Lost mutation: You do not regenerate when monsters are visible. [potion of mutation]
 87611 | Zot:5    | Gained mutation: You are weak. (Str -2) [potion of mutation]
 87611 | Zot:5    | Gained mutation: You are robust. (+10% HP) [potion of mutation]
 88044 | Zot:5    | Noticed an ancient lich
 88052 | Zot:5    | Killed an ancient lich
 88778 | Zot:5    | Got the Orb of Zot
 89034 | Depths:5 | Noticed a seraph
 89046 | Depths:4 | Killed a seraph
 89117 | D:15     | Lost mutation: You are robust. (+10% HP) [mutagenic glow]
 89159 | D:13     | Reached skill level 23 in Unarmed Combat
 89167 | D:13     | Noticed Sizoqat the pandemonium lord
 89514 | D:$      | Escaped with the Orb!

Skill      XL: |  1  2  3  4  5  6  7  8  9 10 11 12 13 14 15 16 17 18 19 20 21 22 23 24 25 26 27 |
---------------+----------------------------------------------------------------------------------+-----
Stealth        | 1 2 3 4 6 7 10 12 13 15 17 | 17.5
Short Blades   | 3 4 5 6 7 8 10 12 13 14 | 14.2
Invocations    | 6 9 14 | 14.5
Dodging        | 4 5 6 7 9 12 13 14 15 19 | 19.7
Fighting       | 5 6 7 9 10 11 12 13 18 | 18.1
Spellcasting   | 1 3 6 7 9 10 13 14 | 14.6
Necromancy     | 2 7 10 | 10.8
Earth Magic    | 5 6 9 11 12 | 12.8
Shields        | 2 4 |  4.1
Hexes          | 1 6 10 12 | 12.1
Charms         | 7 9 |  9.0
Air Magic      | 7 9 |  9.0
Transmutations | 9 10 11 | 11.4
Unarmed Combat | 9 15 16 23 | 23.1
Translocations | 5 |  5.0

Action                   |  1- 3 |  4- 6 |  7- 9 | 10-12 | 13-15 | 16-18 | 19-21 | 22-24 | 25-27 || total
-------------------------+-------+-------+-------+-------+-------+-------+-------+-------+-------++-------
Melee: Short sword       |    70 |    97 |   187 |       |       |       |       |       |       ||   354
       Constrict         |    17 |    26 |    36 |    45 |    79 |   189 |   114 |    64 |   269 ||   839
       Tentacles         |     9 |    19 |    39 |    98 |   156 |   276 |   348 |   343 |   598 ||  1886
       Dagger            |       |       |    15 |   314 |   394 |     9 |       |       |       ||   732
       Morningstar       |       |       |       |   141 |   233 |    12 |       |       |       ||   386
       Blowgun           |       |       |       |     1 |       |       |       |       |       ||     1
       Rapier            |       |       |       |       |       |  1044 |  1113 |   945 |   854 ||  3956
       Punch             |       |       |       |       |       |       |       |    37 |   370 ||   407
       Unarmed           |       |       |       |       |       |       |       |       |   916 ||   916
 Fire: Blowgun           |       |    96 |   101 |   112 |    20 |       |       |       |       ||   329
Throw: Javelin           |       |       |       |    10 |    28 |     1 |       |       |       ||    39
       Throwing net      |       |       |       |       |     1 |     4 |     5 |     1 |       ||    11
 Cast: Animate Skeleton  |       |       |       |    11 |       |       |       |       |       ||    11
       Borgnjor's Vile C |       |       |       |     7 |   150 |    58 |    53 |    16 |    16 ||   300
       Confuse           |       |       |       |    30 |   107 |    58 |    44 |       |       ||   239
       Dazzling Spray    |       |       |       |    11 |     4 |    37 |    27 |       |       ||    79
       Apportation       |       |       |       |     8 |       |       |       |       |     5 ||    13
       Corona            |       |       |       |     2 |       |       |       |       |       ||     2
       Invisibility      |       |       |       |       |    20 |    77 |    49 |    13 |    35 ||   194
       Regeneration      |       |       |       |       |     1 |     6 |     1 |    15 |    16 ||    39
       Animate Dead      |       |       |       |       |     1 |       |       |       |       ||     1
       Deflect Missiles  |       |       |       |       |       |       |     2 |     2 |    14 ||    18
       Spectral Weapon   |       |       |       |       |       |       |     3 |       |       ||     3
       Ozocubu's Armour  |       |       |       |       |       |       |     1 |       |       ||     1
       Statue Form       |       |       |       |       |       |       |       |    22 |    82 ||   104
       Lesser Beckoning  |       |       |       |       |       |       |       |     2 |    10 ||    12
       Passwall          |       |       |       |       |       |       |       |     1 |       ||     1
       Lee's Rapid Decon |       |       |       |       |       |       |       |       |    18 ||    18
Invok: Depart the Abyss  |     1 |       |       |       |       |       |       |       |     1 ||     2
       Bend Space        |       |       |    10 |    15 |     8 |       |     5 |       |     4 ||    42
       Banish            |       |       |    10 |    21 |    10 |     9 |     5 |       |     3 ||    58
       Corrupt           |       |       |       |       |       |       |     1 |     1 |     1 ||     3
       Enter the Abyss   |       |       |       |       |       |       |       |     1 |     1 ||     2
Evoke: Wand              |       |       |     6 |    42 |    48 |    14 |     8 |       |     3 ||   121
       Lamp of fire      |       |       |       |       |     2 |       |       |       |       ||     2
       Box of beasts     |       |       |       |       |     1 |       |       |       |       ||     1
       Sack of spiders   |       |       |       |       |       |     1 |       |       |       ||     1
  Use: Scroll            |     4 |     2 |     4 |    21 |    14 |    21 |    15 |     8 |    16 ||   105
       Potion            |     1 |     3 |     2 |     9 |     8 |    18 |     8 |     9 |    19 ||    77
 Stab: Sleeping          |     8 |    11 |    18 |    19 |    30 |    98 |    77 |    36 |    75 ||   372
       Distracted        |       |     1 |       |     1 |     4 |    13 |     4 |     7 |    12 ||    42
       Invisible         |       |       |       |     6 |    50 |   163 |   150 |    44 |   121 ||   534
       Paralysed         |       |       |       |     2 |     2 |       |       |       |       ||     4
       Confused          |       |       |       |     9 |    30 |    14 |     9 |       |       ||    62
       Held in net/web   |       |       |       |       |       |     3 |     3 |     1 |       ||     7
  Eat: Chunk             |     1 |     8 |    20 |    27 |    58 |    99 |    42 |    17 |    53 ||   325
       Ration            |       |       |       |     7 |    13 |     4 |    13 |     7 |    15 ||    59
Armor: Skin              |    11 |     4 |    12 |    59 |    34 |    27 |    21 |   175 |   485 ||   828
Dodge: Dodged            |    49 |    55 |    83 |   217 |   326 |   575 |   590 |   625 |  1955 ||  4475
       Deflected         |       |       |       |       |       |       |     5 |    32 |    68 ||   105
Block: Buckler           |     2 |     7 |    16 |    78 |   190 |   238 |   246 |   231 |   596 ||  1604
